 Dungeon Crawl Stone Soup version 0.18.1-50-g88ac8fd (webtiles) character file.

21 GammafunkIsABaby the Chiller (level 2, -5/17 HPs)
             Began as a High Elf Ice Elementalist on June 9, 2018.
             Slain by a slave (8 damage)
             ... led by Pikel
             ... on level 4 of the Dungeon.
             The game lasted 00:03:19 (421 turns).

GammafunkIsABaby the Chiller (HEIE)                  Turns: 421, Time: 00:03:20

Health: -5/17      AC:  2    Str:  9    XL:     2   Next: 62%
Magic:  5/6        EV: 12    Int: 23    God:
Gold:   86         SH:  0    Dex: 15    Spells: 1 memorised, 6 levels left

rFire  . . .     SeeInvis .     a - +0 long sword
rCold  . . .     Gourm    .     i - +0 robe
rNeg   . . .     Faith    .     (no shield)
rPois  .         Spirit   .     (no helmet)
rElec  .         Dismiss  .     (no cloak)
rCorr  .         Reflect  .     (no gloves)
SustAt .         Harm     .     (no boots)
MR     .....     Rnd*Rage +     (no amulet)
Stlth  ++........               (no ring)
                                (no ring)

@: brilliant, not resistant to hostile enchantments, unstealthy
A: berserk 1, low mp 1, strong 1
a: no special abilities


You were on level 4 of the Dungeon.
You were not hungry.

You visited 1 branch of the dungeon, and saw 5 of its levels.

You collected 86 gold pieces.

Inventory:

Hand Weapons
 a - a +0 long sword (weapon)
 g - a +0 dagger
 o - a -1 short sword
Armour
 i - a +0 robe (worn)
Scrolls
 e - a scroll of identify {unknown}
 f - a scroll of remove curse
 k - a scroll of teleportation {unknown}
 m - a scroll of magic mapping {unknown}
Potions
 j - a potion of cancellation
Books
 b - a book of Frost

   Spells                             Type                      Level
   a - Freeze                         Ice                          1
   b - Throw Frost                    Conjuration/Ice              2
   c - Ozocubu's Armour               Charms/Ice                   3
   d - Throw Icicle                   Conjuration/Ice              4
   e - Summon Ice Beast               Ice/Summoning                4
Comestibles
 c - 2 bread rations
 d - 9 fruits
 n - a meat ration


   Skills:
 - Level 2.1 Dodging
 - Level 2.1 Stealth
 + Level 3.1 Spellcasting
   Level 1.1 Conjurations
 + Level 3.5 Ice Magic


You had 6 spell levels left.
You knew the following spells:

 Your Spells              Type           Power        Failure   Level  Hunger
a - Freeze                Ice            ####         1%          1    None


Dungeon Overview and Level Annotations

Branches:
Dungeon (5/15)
 Temple: D:4-7

Altars:

Annotations:
D:5 Pikel


Innate Abilities, Weirdness & Mutations

You tend to lose your temper in combat.
Your magical capacity is low (-10% MP).
Your muscles are strong. (Str +2)


Message History

Aim: a slave, wearing an animal skin (lightly wounded)
You freeze the slave.
The slave is moderately wounded.
The slave hits you.
* * * LOW HITPOINT WARNING * * *
Unknown command.
Unknown command.
Unknown command.
Drink which item? (? for menu, Esc to quit)
It was a potion of cancellation.
You feel magically purged. The slave closely misses you.
Drink which item? (? for menu, Esc to quit)
It was a potion of mutation.
You feel extremely strange.
You feel less energetic.
You feel a little pissed off.
You feel stronger. The slave barely misses you.
Drink which item? (? for menu, Esc to quit)
It was a potion of brilliance.
You feel clever all of a sudden. The slave hits you!
You die...

#....#.....#
+....#.....#
#....#.....#
#....#.....#
#....#.....#
#....##'#####
#...........#
....#+##...p...#
.... #....@..#
.... #.......#
.. #.......#
#########


You could see a slave.

Vanquished Creatures
  An adder (D:3)
  2 dart slugs
  An orc (D:3)
  A giant cockroach (D:3)
  A kobold (D:3)
  A bat (D:3)
  A rat (D:2)
8 creatures vanquished.

Notes
Turn   | Place    | Note
--------------------------------------------------------------
     0 | D:1      | GammafunkIsABaby the High Elf Ice Elementalist began the quest for the Orb.
     0 | D:1      | Reached XP level 1. HP: 11/11 MP: 4/4
   165 | D:3      | Reached XP level 2. HP: 13/17 MP: 0/7
   365 | D:5      | Entered Level 5 of the Dungeon
   390 | D:5      | Noticed Pikel
   390 | D:5      | Noticed a slave
   390 | D:5      | Noticed a slave
   390 | D:5      | Noticed a slave
   391 | D:5      | Noticed a slave
   420 | D:4      | Gained mutation: Your magical capacity is low (-10% MP). [potion of mutation]
   420 | D:4      | Gained mutation: You tend to lose your temper in combat. [potion of mutation]
   420 | D:4      | Gained mutation: Your muscles are strong. (Str +2) [potion of mutation]
   421 | D:4      | Slain by a slave

Skill      XL: |  1 |
---------------+----+-----
Spellcasting   | 3 |  3.1
Dodging        | |  2.1
Stealth        | |  2.1
Conjurations   | |  1.1
Ice Magic      | |  3.5

Action                   || total
-------------------------++-------
 Cast: Freeze            ||    17
  Use: Potion            ||     3
       Scroll            ||     1
Armor: Robe              ||     7
Dodge: Dodged            ||    25
